 Dungeon Crawl Stone Soup version 0.26.1-11-gd32895ea62 (webtiles) character file.

Game seed: 5518527591084878886

13386 Descartes the Grappler (level 11, -3/150 HPs)
             Began as a Troll Chaos Knight on May 24, 2021.
             Was a Plaything of Xom.
             Slain by a skeletal warrior
             ... wielding a +0 trident
              (8 damage)
             ... on level 15 of the Dungeon.
             The game lasted 00:20:38 (10166 turns).

Descartes the Grappler (Troll Chaos Knight)        Turns: 10166, Time: 00:20:41

Health: -3/150     AC: 25    Str: 22    XL:     11   Next: 74%
Magic:  0/16       EV:  1    Int: 20    God:    Xom [.*....]
Gold:   517        SH:  0    Dex: 10    Spells: 18/18 levels left

rFire    . . .     SeeInvis .   P - +6 battleaxe of Bread {holy, Int+4}
rCold    . . .     Faith    .   (shield currently unavailable)
rNeg     + + +     Spirit   +   (armour currently unavailable)
rPois    +         Reflect  .   (helmet currently unavailable)
rElec    .         Harm     .   (cloak currently unavailable)
rCorr    .         Rampage  .   (gloves unavailable)
Will     .....     NoTele   +   (boots unavailable)
Stlth    +.........             d - amulet of guardian spirit
HPRegen  0.75/turn              e - +4 ring of slaying
MPRegen  0.15/turn              C - +6 ring of intelligence

@: tree-form, flayed
A: large, unfitting armour, sense surroundings 1, regeneration 1, subdued magic
1
a: Renounce Religion


You were on level 15 of the Dungeon.
You worshipped Xom.
You were a plaything of Xom.
You were a tree.
You visited 2 branches of the dungeon, and saw 15 of its levels.

You collected 825 gold pieces.
You spent 308 gold pieces at shops.

Inventory:

Hand Weapons
 z - a +0 hunting sling of chaos
 P - the +6 battleaxe of Bread (weapon) {holy, Int+4}
   (You found it on level 9 of the Dungeon)

   It has been blessed by the Shining One to cause great damage to the undead
   and demons.
   It affects your intelligence (+4).
Missiles
 a - 75 sling bullets
 c - 509 stones (quivered)
 v - 4 boomerangs of dispersal
 x - 38 poisoned darts
 y - 3 large rocks
Armour
 I - a +0 troll leather armour (melded)
 Q - a +2 robe of fire resistance
Jewellery
 d - an amulet of guardian spirit (around neck)
 e - a +4 ring of slaying (left branch)
 w - an uncursed ring of ice
 C - a +6 ring of intelligence (right branch)
 S - an uncursed ring of protection from fire
Wands
 n - a wand of flame (10)
 o - a wand of iceblast (6)
 D - a wand of digging (9)
 H - a wand of acid (10)
 L - a wand of paralysis (42)
Scrolls
 f - 15 scrolls of remove curse
 h - 8 scrolls of blinking
 k - 8 scrolls of enchant armour
 l - 3 scrolls of enchant weapon
 m - 3 scrolls of fear
 q - 2 scrolls of magic mapping
 r - 2 scrolls of fog
 t - 12 scrolls of teleportation
 A - 3 scrolls of amnesia
 F - 7 scrolls of identify
 J - a scroll of brand weapon {unknown}
 K - 3 scrolls of immolation {unknown}
 R - a scroll of acquirement {unknown}
 T - a scroll of vulnerability {unknown}
Potions
 b - 6 potions of curing
 g - 2 potions of brilliance
 i - 2 potions of lignification
 p - 2 potions of attraction
 s - 3 potions of berserk rage
 u - 3 potions of might
 B - a potion of cancellation
 E - a potion of resistance
 G - a potion of flight
 M - a potion of invisibility {unknown}
 N - 2 potions of ambrosia {unknown}
 O - a potion of magic {unknown}


   Skills:
 + Level 4.2 Fighting
 + Level 9.8 Dodging
 + Level 11.6 Unarmed Combat
 + Level 4.2 Spellcasting
 - Level 5.0 Evocations


You had 18 spell levels left.
You didn't know any spells.
Your spell library contained the following spells:

 Spells                   Type           Power        Failure   Level
 Animate Skeleton         Necr           6%           11%         1
 Apportation              Tloc           6%           11%         1
 Corona                   Hex            3%           11%         1
 Shock                    Conj/Air       12%          11%         1
 Summon Small Mammal      Summ           12%          11%         1
 Swiftness                Air            3%           16%         2
 Static Discharge         Conj/Air       3%           32%         3
 Airstrike                Air            1%           73%         4
 Lightning Bolt           Conj/Air       1%           97%         5


Dungeon Overview and Level Annotations

Branches:
Dungeon (13/15)            Temple (1/1) D:7            Lair (0/6) D:8
    Orc (0/2) D:10         Depths (0/5) D:15
 Vaults: D:13-14

Altars:
Ashenzari
Cheibriados
Dithmenos
Elyvilon
Fedhas
Gozag
Hepliaklqana
Kikubaaqudgha
Makhleb
Nemelex Xobeh
Okawaru
Qazlal
Ru
Sif Muna
Trog
Uskayaw
Vehumet
Wu Jian
Xom
Yredelemnul
Zin
The Shining One

Shops:
D:5 *   D:6 ?   D:9 ?


Innate Abilities, Weirdness & Mutations

You are too large for most types of armour.
((You have claws for hands.))
Your natural rate of healing is unusually fast.
((You are covered in fur. (AC +1)))
((You have extremely tough skin. (AC +3)))
((You have a pair of small horns on your head.))
((You are partially covered in iridescent scales. (AC +2)))
((You are partially covered in yellow scales. (AC +2)))
((You can translocate small distances at will.))
You passively map a small area around you.
((Your system is resistant to poisons. (rPois)))
Your spells are a little easier to cast, but a little less powerful.


Message History

The necromancer hits you but does no damage.
The yaktaur captain zombie hits you but does no damage.
You feel better.
The golden dragon zombie bites you but does no damage.
The golden dragon zombie claws you but does no damage.
The golden dragon zombie tramples you but does no damage.
The stone giant zombie hits you!
* * * LOW HITPOINT WARNING * * *
The skeletal warrior hits you but does no damage.
The flayed ghost hits you but does no damage.
The necromancer hits you but does no damage.
You miss the flayed ghost.
The flayed ghost is heavily damaged.
You closely miss the necromancer.
You hit the golden dragon zombie but do no damage.
You slash the stone giant zombie!
The stone giant zombie convulses!!
You hit the yaktaur captain zombie.
The yaktaur captain zombie convulses.
The skeletal warrior hits you from afar with a +0 trident!
You die...
Xom chortles!

, ..###......, , , ,
,, ..............
*#...#P.PP..... , ,
#....P....$...
,#............., , ,
* #.....P....... * *
#.....z.8..P.. *
#.#..WZ....... ## *##
#...Zp♣Z.>.... #.
.#*#..P.ZM.8..... ,
#.##.+,#...P...P....8
#....# #..P...P......
* ##...#
###....8.P.... *
#.#.######.....8....
#####......#
##..P8.....
#........#.#
#.##..##.#**
#.##..#....# ,,


You could see a skeletal warrior, a flayed ghost, a guardian mummy, a
necromancer, a golden dragon zombie, a yaktaur captain zombie, a stone giant
zombie and a fire giant zombie.

Vanquished Creatures
  Josephine (D:10)
  A boulder beetle (D:12)
  An ugly thing (D:12)
  Joseph (D:10)
  A gargoyle (D:12)
  The ghost of atomjack the Chopper, an amateur NaBe of Trog (D:3)
  4 trolls
  Prince Ribbit (D:6)
  A slime creature (D:10)
  Sigmund (D:5)
  5 wraiths
  The ghost of mahan the Chopper, an amateur HOBe of Trog (D:4)
  A wyvern (D:9)
  9 yaks
  A basilisk (D:11)
  A soldier ant (D:8)
  An acid dragon (D:12)
  Duvessa (D:7)
  A water moccasin (D:9)
  4 orc warriors
  A black bear (D:12)
  An ice beast (D:8)
  4 sky beasts
  2 phantoms
  3 ogres
  4 centaurs
  A big kobold (D:13)
  10 bullfrogs
  Dowan (D:7)
  A wyvern skeleton (D:10)
  3 scorpions
  10 killer bees (D:12)
  11 wights
  4 howler monkeys
  2 centaur zombies
  9 hounds
  2 quasits
  3 bullfrog zombies
  3 centaur skeletons
  A jelly (D:11)
  7 orc priests
  3 bullfrog skeletons
  5 iguanas
  10 orc wizards
  11 worker ants
  2 hound zombies
  Robin (D:2)
  A worker ant zombie (D:5)
  7 gnolls
  10 adders
  3 shadow imps
  3 white imps
  An ufetubus (D:6)
  3 oozes
  2 adder zombies (D:6)
  2 worms
  4 dart slugs (D:1)
  10 leopard geckos
  34 orcs
  4 ball pythons
  10 giant cockroaches
  6 hobgoblins
  9 jackals
  4 quokkas
  9 bats
  3 frilled lizards
  14 goblins
  9 kobolds
  4 rats (D:1)
305 creatures vanquished.

Vanquished Creatures (collateral kills)
  A yak (D:10)
  An orc warrior (D:5)
2 creatures vanquished.

Vanquished Creatures (others)
  The ghost of knorpule3000 the Covert, an amateur KoEn (D:4)
  A withered plant (D:15)
2 creatures vanquished.

Grand Total: 309 creatures vanquished

Notes
Turn   | Place    | Note
-------+----------+-------------------------------------------
     0 | D:1      | Descartes the Troll Chaos Knight began the quest for the
                  | Orb.
     0 | D:1      | Reached XP level 1. HP: 22/22 MP: 0/0
   201 | D:1      | Reached XP level 2. HP: 28/29 MP: 1/1
   431 | D:1      | Reached XP level 3. HP: 36/36 MP: 2/2
   530 | D:1      | XOM: silly message
   738 | D:1      | XOM: cloud trail
   968 | D:1      | XOM: give mutations
   968 | D:1      | Gained mutation: Armour fits poorly on your strangely
                  | shaped body. [Xom's mischief]
   968 | D:1      | Gained mutation: You are frail. (-10% HP) [Xom's mischief]
   968 | D:1      | Gained mutation: Your body sometimes deteriorates upon
                  | taking damage. [Xom's mischief]
   968 | D:1      | Gained mutation: You are weak. (Str -2) [Xom's mischief]
  1025 | D:1      | XOM: noise
  1137 | D:2      | Noticed Robin
  1148 | D:2      | Reached skill level 4 in Unarmed Combat
  1162 | D:2      | XOM: butterfly on damage
  1165 | D:2      | HP: 1/32 [Robin/puff of flame (6)]
  1166 | D:2      | Killed Robin
  1167 | D:2      | Reached XP level 4. HP: 2/39 MP: 3/3
  1226 | D:2      | Found a basalt altar of Yredelemnul.
  1444 | D:2      | XOM: god gift: glowing hunting sling {god gift}
  1514 | D:2      | XOM is BORED!
  1538 | D:2      | XOM: give mutations
  1538 | D:2      | Gained mutation: You expend magic power (3 MP) to
                  | strengthen your wands. [Xom's grace]
  1538 | D:2      | Gained mutation: You have a pair of small horns on your
                  | head. [Xom's grace]
  1538 | D:2      | Gained mutation: You are partially covered in iridescent
                  | scales. (AC +2) [Xom's grace]
  1538 | D:2      | Lost mutation: You are frail. (-10% HP) [Xom's grace]
  2431 | D:3      | Found a white marble altar of Elyvilon.
  2432 | D:3      | XOM: repel stairs
  2763 | D:3      | Reached XP level 5. HP: 50/50 MP: 4/4
  2846 | D:4      | XOM: god gift: 20 gold pieces
  2880 | D:4      | Reached skill level 5 in Unarmed Combat
  2979 | D:4      | Found a runed translucent gate.
  2980 | D:4      | Found a runed translucent gate.
  2980 | D:4      | Found a sparkling altar of Nemelex Xobeh.
  2980 | D:4      | Found a runed translucent gate.
  2980 | D:4      | Noticed mahan's ghost (amateur HOBe)
  2980 | D:4      | Noticed atomjack's ghost (amateur NaBe)
  2980 | D:4      | Noticed knorpule3000's ghost (amateur KoEn)
  2993 | D:4      | XOM: divination: detect items
  3015 | D:4      | XOM: potion effect (heal wounds)
  3031 | D:3      | Killed atomjack's ghost
  3032 | D:3      | Reached XP level 6. HP: 55/59 MP: 2/5
  3033 | D:4      | XOM: enchant monster (good)
  3038 | D:4      | Killed mahan's ghost
  3039 | D:4      | Reached skill level 6 in Unarmed Combat
  3039 | D:4      | Reached XP level 7. HP: 52/66 MP: 3/6
  3066 | D:4      | Killed knorpule3000's ghost
  3066 | D:4      | XOM: divine lightning
  3067 | D:4      | Reached skill level 5 in Dodging
  3212 | D:4      | XOM: cloud trail
  3241 | D:4      | Found an ornate altar of the Wu Jian Council.
  3548 | D:4      | XOM: give mutations
  3548 | D:4      | Gained mutation: You are mostly covered in iridescent
                  | scales. (AC +4) [Xom's grace]
  3548 | D:4      | Gained mutation: Your skin changes colour to match your
                  | surroundings (Stealth+). [Xom's grace]
  3568 | D:5      | Entered Level 5 of the Dungeon
  3626 | D:5      | Reached skill level 7 in Unarmed Combat
  3673 | D:5      | Found a shadowy altar of Dithmenos.
  3699 | D:5      | Reached XP level 8. HP: 70/74 MP: 7/7
  3717 | D:5      | Found Osehal's Mayhem Merchandise.
  3734 | D:5      | XOM: god gift: morningstar {god gift}
  3747 | D:5      | Found an ancient bone altar of Kikubaaqudgha.
  3862 | D:5      | Noticed Sigmund
  3897 | D:5      | Killed Sigmund
  3898 | D:5      | Reached skill level 8 in Unarmed Combat
  3966 | D:5      | XOM is BORED!
  3966 | D:5      | XOM: noise
  4479 | D:6      | XOM: fake destruction
  4488 | D:6      | Reached XP level 9. HP: 78/80 MP: 6/8
  4532 | D:6      | Noticed Prince Ribbit
  4537 | D:6      | Found Qabb's Magic Scroll Emporium.
  4542 | D:6      | Killed Prince Ribbit
  4543 | D:6      | Reached skill level 9 in Unarmed Combat
  4626 | D:6      | Bought a scroll of teleportation for 42 gold pieces
  4626 | D:6      | Bought a scroll of fog for 28 gold pieces
  4626 | D:6      | Bought a scroll of identify for 28 gold pieces
  4626 | D:6      | Bought a scroll of enchant armour for 105 gold pieces
  4626 | D:6      | Bought a scroll of amnesia for 49 gold pieces
  4626 | D:6      | Bought a scroll of identify for 28 gold pieces
  4626 | D:6      | Bought a scroll of identify for 28 gold pieces
  4634 | D:6      | Lost mutation: You are weak. (Str -2) [potion of mutation]
  4634 | D:6      | Lost mutation: Your body sometimes deteriorates upon taking
                  | damage. [potion of mutation]
  4634 | D:6      | Lost mutation: You expend magic power (3 MP) to strengthen
                  | your wands. [potion of mutation]
  4634 | D:6      | Lost mutation: Your skin changes colour to match your
                  | surroundings (Stealth+). [potion of mutation]
  4634 | D:6      | Gained mutation: Your spells are a little easier to cast,
                  | but a little less powerful. [potion of mutation]
  4634 | D:6      | Gained mutation: You passively map a small area around you.
                  | [potion of mutation]
  4634 | D:6      | Gained mutation: You are partially covered in yellow
                  | scales. (AC +2) [potion of mutation]
  4660 | D:6      | XOM: summons 2 friendly demons
  4676 | D:6      | Found an iron altar of Okawaru.
  4698 | D:6      | XOM: smoke on damage
  4747 | D:6      | Found a glowing golden altar of the Shining One.
  4825 | D:6      | XOM: god gift: thin glowing staff {god gift}
  5035 | D:7      | Found a staircase to the Ecumenical Temple.
  5063 | Temple   | Entered the Ecumenical Temple
  5271 | D:7      | XOM: summons 9 friendly demons
  5307 | D:7      | Noticed a troll
  5318 | D:7      | Killed a troll
  5319 | D:7      | Reached skill level 1 in Evocations
  5322 | D:7      | XOM: potion effect (curing)
  5326 | D:7      | Reached skill level 1 in Spellcasting
  5360 | D:7      | XOM: silly message
  5364 | D:7      | XOM: silly message
  5504 | D:7      | Noticed Duvessa
  5505 | D:7      | Noticed Dowan
  5512 | D:7      | Killed Duvessa
  5516 | D:7      | Killed Dowan
  5550 | D:7      | XOM: noise
  5689 | D:7      | Found a shimmering blue altar of Sif Muna.
  5792 | D:8      | Reached skill level 10 in Unarmed Combat
  5839 | D:8      | XOM: divination: magic mapping
  5898 | D:8      | Reached XP level 10. HP: 88/88 MP: 11/11
  5902 | D:8      | XOM: polymorph centaur -> scorpion
  5915 | D:8      | XOM: confuse monster(s)
  5982 | D:8      | XOM: confuse monster(s)
  6063 | D:8      | Found a shimmering altar of Xom.
  6160 | D:8      | XOM: cloud trail
  6191 | D:8      | Found a shimmering altar of Xom.
  6194 | D:8      | Found a shimmering altar of Xom.
  6196 | D:8      | Found a shimmering altar of Xom.
  6197 | D:8      | Found a shimmering altar of Xom.
  6232 | D:8      | Found a staircase to the Lair.
  6413 | D:9      | Found a snail-covered altar of Cheibriados.
  6469 | D:9      | Found a stormy altar of Qazlal.
  6541 | D:9      | Found Ogidixku's Magic Scroll Emporium.
  6654 | D:9      | Found a glowing silver altar of Zin.
  6703 | D:9      | Found an opulent altar of Gozag.
  6871 | D:9      | Got a smouldering battleaxe
  6872 | D:9      | Identified the +6 battleaxe of Bread {holy, Int+4} (You
                  | found it on level 9 of the Dungeon)
  6950 | D:10     | Entered Level 10 of the Dungeon
  6990 | D:10     | Found a staircase to the Orcish Mines.
  7051 | D:10     | XOM: noise
  7061 | D:10     | Found a sparkling altar of Nemelex Xobeh.
  7110 | D:10     | XOM: summons 10 friendly demons
  7304 | D:10     | Noticed Josephine
  7313 | D:10     | Xom revived you
  7315 | D:10     | Killed Josephine
  7586 | D:10     | Reached skill level 11 in Unarmed Combat
  7630 | D:10     | Reached XP level 11. HP: 85/94 MP: 12/15
  7743 | D:10     | XOM: enchant monster (bad)
  7820 | D:10     | Noticed Joseph
  7825 | D:10     | XOM: chaos cloud
  7830 | D:10     | Paralysed by you for 7 turns
  7837 | D:10     | Killed Joseph
  7944 | D:11     | XOM: give mutations
  7944 | D:11     | Gained mutation: Your system is resistant to poisons.
                  | (rPois) [Xom's mischief]
  7944 | D:11     | Lost mutation: Armour fits poorly on your strangely shaped
                  | body. [Xom's mischief]
  7944 | D:11     | Gained mutation: You can translocate small distances at
                  | will. [Xom's mischief]
  8401 | D:11     | XOM: cloud trail
  8468 | D:11     | XOM: divination: detect items
  8509 | D:11     | XOM: enchant monster (good)
  8517 | D:11     | XOM: cleaving
  8871 | D:12     | XOM: enchant monster (bad)
  8914 | D:12     | Noticed a purple ugly thing
  8924 | D:12     | XOM: give mutations
  8924 | D:12     | Lost mutation: You are mostly covered in iridescent scales.
                  | (AC +4) [Xom's mischief]
  8930 | D:12     | Killed a purple ugly thing
  9047 | D:12     | XOM: confusion (+ monsters)
  9060 | D:12     | XOM: confusion
  9185 | D:12     | XOM: swap monsters
  9307 | D:12     | Noticed a boulder beetle
  9327 | D:13     | Noticed a five-headed hydra
  9441 | D:12     | Killed a boulder beetle
  9442 | D:12     | Reached skill level 5 in Evocations
  9460 | D:12     | XOM: 4-stop teleportation journey
  9493 | D:12     | XOM: cloud trail
  9983 | D:13     | XOM: silly message
 10141 | D:13     | You fall into a shaft and drop 2 floors!
 10141 | D:15     | Entered Level 15 of the Dungeon
 10152 | D:15     | XOM: 1-stop teleportation journey
 10153 | D:15     | Noticed a skeletal warrior
 10153 | D:15     | Noticed a necromancer
 10153 | D:15     | Found a staircase to the Depths.
 10153 | D:15     | Noticed a flayed ghost
 10163 | D:15     | HP: 3/100 [golden dragon zombie (5)]
 10166 | D:15     | Slain by a skeletal warrior

Illustrated notes

Levels and vault maps discovered:
D:1:      elethiomel_arrival_infinity_welcomes_careful_drivers,
          layout_loops_corners, minmay_vboxes
D:2:      layout_loops_corners, nicolae_overflow_crystal_walls, uniq_robin
D:3:      layout_loops_ring, general_overflow_altar
D:4:      layout_loops_ring, kennysheep_little_box, overflow_temple_1_default,
          gammafunk_ghost_cemetery
D:5:      layout_gridville, kennysheep_mini, grunt_dithmenos_smoke,
          minmay_shop_mayhem, kennysheep_generic_room_6, uniq_sigmund
D:6:      layout_cave_pods, marbit_many_paths, basic_altar, serial_shops,
          nicolae_shop_waterfront, serial_bayou_pond_e, uniq_prince_ribbit1
D:7:      layout_cave_pools, led_sif_pool,
          minmay_temple_entry_statues_fountains, solitary_fountain,
          kennysheep_small_circle, uniq_duvessa
D:8:      layout_rooms, xom_redecorated, lair_entry_dummy
D:9:      layout_rooms, pdpol_temple_overflow_zin_treasury_gozag_greed,
          slow_altar_1, serial_shops, shop, grunt_qazlal_clouds
D:10:     layout_gridville, orc_0_dummy, nemelex_diamond_rough_becter,
          uniq_josephine, uniq_joseph
D:11:     layout_loops_ring
D:12:     layout_basic
D:13:     layout_rooms, david_vaults_2, uniq_frances
D:15:     gammafunk_depths_entry_grave, layout_stronghold,
          ebering_dispersal_statue_hall, uniq_agnes
Temple:   compressed_dpeg_circular_temple

Skill      XL: |  1  2  3  4  5  6  7  8  9 10 11 |
---------------+----------------------------------+-----
Dodging        | 2 3 4 5 7 8 9 |  9.8
Unarmed Combat | 4 5 6 7 8 10 11 | 11.6
Evocations     | 2 4 5 |  5.0
Spellcasting   | 1 3 4 |  4.2
Fighting       | 4 |  4.2

Action                   |  1- 3 |  4- 6 |  7- 9 | 10-12 || total
-------------------------+-------+-------+-------+-------++-------
Melee: Unarmed           |   115 |    80 |   263 |   370 ||   828
       Punch             |     2 |     2 |     7 |    21 ||    32
       Headbutt          |       |    15 |    38 |    81 ||   134
       Battleaxe         |       |       |       |    12 ||    12
 Abil: Blink             |       |       |       |     3 ||     3
Evoke: Wand              |       |       |       |     1 ||     1
  Use: Potion            |       |     1 |     1 |     7 ||     9
       Scroll            |       |       |    15 |       ||    15
 Stab: Sleeping          |     3 |     1 |     3 |       ||     7
       Distracted        |       |       |     1 |       ||     1
       Confused          |       |       |       |     3 ||     3
Armor: Robe              |    53 |    27 |    56 |       ||   136
       Troll leather arm |       |       |    24 |   137 ||   161
       Skin              |       |       |       |     8 ||     8
Dodge: Dodged            |    49 |    31 |   123 |   242 ||   445
